 Dungeon Crawl Stone Soup version 0.32-a0-913-g739538afd8 (webtiles) character file.

Game seed: 9535929359075855816

4295 SolCadguy the Cleaver (level 10, -12/65 HPs)
             Began as a Coglin Artificer on Apr 7, 2024.
             Was a Believer of Nemelex Xobeh.
             Killed by the air
             ... invoked by Gastronok
              (26 damage)
             ... on level 8 of the Dungeon.
             The game lasted 00:34:39 (9098 turns).

SolCadguy the Cleaver (Coglin Artificer)            Turns: 9098, Time: 00:34:40

Health: -12/65     AC: 11    Str: 21    XL:     10   Next: 32%
Magic:  20/20      EV:  9    Int: 10    God:    Nemelex Xobeh [**....]
Gold:   383        SH:  0    Dex: 16    Spells: 9/9 levels left

rFire   + + .        N - +4 hand axe {Tamara}
rCold   + + .        c - +10 rapier of the Hierophant {heavy, rF+ Str+3}
rNeg    . . .        n - +0 scale mail {rC+}
rPois   .            x - +3 hat of the Orcish Mines {MP+9 Str+2}
rElec   .            t - scarf {rC+ rF+}
rCorr   .            (no gloves)
SInv    .            D - +1 pair of boots
Will    .....        (amulet unavailable) Stlth
                     (ring unavailable)
HPRegen 0.30/turn    (ring unavailable)
MPRegen 0.17/turn    (no gizmo)

%: no passive effects
@: no status effects
A: off-hand wielding, slow wielding, warmup strikes, no jewellery
a: Invent Gizmo, Renounce Religion, Draw Escape, Draw Destruction, Draw
Summoning


You were on level 8 of the Dungeon.
You worshipped Nemelex Xobeh.
Nemelex Xobeh was pleased with you.
You visited 2 branches of the dungeon, and saw 10 of its levels.
You also visited: Sewer.

You collected 544 gold pieces.
You spent 161 gold pieces at shops.

Inventory:

Hand Weapons
 a - a +0 club {Consuela}
 c - the +10 rapier of the Hierophant (offhand) {heavy, rF+ Str+3}
   (You found it on level 8 of the Dungeon)

   Str+3:     It affects your strength (+3).
   rF+:       It protects you from fire.
 u - a +0 dagger of holy wrath
 y - a +2 dagger of draining
 H - a +0 mace {Johann}
 L - a +0 hand axe {Karl}
 N - a +4 hand axe (weapon) {Tamara}
Missiles
 j - 45 stones
 C - 9 javelins (quivered)
 F - 2 throwing nets
Armour
 b - a +0 leather armour
 l - a +0 helmet
 n - a +0 scale mail of cold resistance (worn)
 r - a +0 scale mail
 t - a scarf of resistance (worn)
 x - the +3 hat of the Orcish Mines (worn) {MP+9 Str+2}
   (You found it on level 3 of the Dungeon)

   Str+2:     It affects your strength (+2).
   MP+9:      It affects your magic capacity (+9).
 D - a +1 pair of boots (worn)
Jewellery
 I - the ring "Tooppae" {Wiz Dex+3}
   (You found it on level 5 of the Dungeon)

   [ring of wizardry]

   Wiz:       It improves your spell success rate.
   Dex+3:     It affects your dexterity (+3).
Wands
 d - a wand of charming (9)
 e - a wand of iceblast (2)
 z - a wand of mindburst (1)
Scrolls
 f - a scroll of identify
 h - 2 scrolls of enchant armour
 m - 4 scrolls of vulnerability
 p - 3 scrolls of revelation
 v - 2 scrolls of amnesia
 B - a scroll of fog {unknown}
 M - a scroll of poison {unknown}
Potions
 g - a potion of magic
 i - 4 potions of curing
 k - 2 potions of attraction {unknown}
 o - a potion of heal wounds {unknown}
 q - 5 potions of enlightenment
 G - a potion of mutation
 J - 2 potions of resistance


   Skills:
 + Level 1.0 Fighting
 + Level 0.0 Short Blades
 + Level 12.5(12.6) Axes
 - Level 2.5(7.8) Maces & Flails
 - Level 1.7 Armour
 - Level 0.8 Dodging
 - Level 0.7 Stealth
 + Level 2.3 Invocations
 + Level 9.0 Evocations


You had 9 spell levels left.
You didn't know any spells.
Your spell library contained the following spells:

 Spells                   Type           Power      Damage    Failure   Level
 Freeze                   Ice            0%         1d3       71%         1
 Sandblast                Erth           0%         2d4       71%         1
 Scorch                   Fire           0%         2d5       85%         2
 Call Canine Familiar     Summ           0%         N/A       97%         3
 Frozen Ramparts          Ice            0%         1d1       97%         3
 Hailstorm                Conj/Ice       0%         3d5       97%         3
 Sigil of Binding         Hex            0%         N/A       97%         3
 Stone Arrow              Conj/Erth      0%         3d7       97%         3
 Brom's Barrelling Bould  Conj/Erth      0%         2d3       100%        4
 Dimensional Bullseye     Hex/Tloc       0%         N/A       100%        4
 Flame Wave               Conj/Fire      0%         2d4       100%        4
 Summon Cactus Giant      Summ           0%         N/A       100%        6


Dungeon Overview and Level Annotations

Branches:
Dungeon (9/15)             Temple (1/1) D:5           Sewer (visited)
   Lair: D:8-11         Orc: D:9-12

Altars:
Ashenzari
Cheibriados
Dithmenos
Elyvilon
Fedhas
Gozag
Makhleb
Nemelex Xobeh
Qazlal
Ru
Sif Muna
Uskayaw
Vehumet
Wu Jian
Xom
The Shining One

Shops:
D:1 *   D:3 ([([[   D:4 !

Annotations:
D:8 Gastronok


Innate Abilities, Weirdness & Mutations

You can wield a second weapon in your off-hand.
It takes a long time for you to wield or remove held weapons.
Your first few attacks do less damage.
You cannot equip rings or amulets.


Message History

You hear the loud creaking of a portcullis nearby.
Found a leather armour, 18 gold pieces and a dagger.
There is a stone staircase leading up here.
Found 3 scrolls of enchant armour.
Found a fizzy puce potion.
The yak bellows!
A yak comes into view.
The yak bellows!
There is a stone staircase leading up here.
You slash the yak with your +4 hand axe!
The yak is lightly wounded.
You hit the yak with the +10 rapier of the Hierophant.
The yak gores you.
The yak bellows!
You hit the yak with your +4 hand axe.
The yak is heavily wounded.
You puncture the yak with the +10 rapier of the Hierophant!
The yak gores you but does no damage. The yak barely misses you.
The yak closely misses you. The yak gores you! x2
You climb upwards.
Level annotation: Gastronok
There is a stone staircase leading down here.
The yak attacks as it pursues you! The yak gores you!
The yak attacks as it pursues you! The yak gores you but does no damage.
The yak gores you. The yak attacks as it pursues you! The yak gores you!
The yak attacks as it pursues you! The yak gores you.
* * * LOW HITPOINT WARNING * * *
Okay, then.
The yak attacks as it pursues you! The yak barely misses you.
The yak gores you!
* * * LOW HITPOINT WARNING * * *
As you read the scroll of fear, it crumbles to dust.
You assume a fearsome visage.
The yak looks frightened! x3
Gastronok gurgles horribly!
Gastronok waves his eye-stalks in wide circles.
The air twists around and strikes you!!
You die...
Gastronok gurgles, "About time.
I'm starving!"
Your body disappears without a glow.

.##.## #[.........####..#..##....
.....# #.....#w##.# #........###
###..###.......##.# #.#...####
####......#....##.####.##..###
.###.##.............##.##....####
..##..#.....................).##)
#..##.#.................##....##.
##.##.######............###......
......### #....@................
........# #.....................
#.....#.#####=##....#...###......
............)[..........###...##.
#.......#.........#.........#.###
.#.............#.####)...........
...............#.#.##.#....###.##
.#.............#...##.......##.##
####.............##..##..........


You could see Gastronok.

Vanquished Creatures
  An ugly thing (D:6)
  Joseph (D:8)
  A troll (D:6)
  The ghost of Posi the Skirmisher, an amateur KoHu (D:4)
  A wyvern (D:8)
  A water moccasin (D:6)
  2 orc warriors (D:6)
  Pargi (Sewer)
  An ice beast (D:7)
  A black bear (D:5)
  2 centaurs (D:7)
  2 bullfrogs
  A brain worm (Sewer)
  4 scorpions
  5 wights (D:7)
  8 killer bees
  A howler monkey (D:6)
  A crimson imp (D:7)
  6 orc priests
  2 jellies
  3 bombardier beetles
  5 hounds
  Jessica (D:2)
  A gnoll bouda (D:7)
  8 orc wizards
  2 iguanas
  A sleepcap (D:5)
  2 gnolls (D:7)
  9 adders
  2 white imps (D:7)
  2 ufetubi (D:7)
  6 ribbon worms
  2 dart slugs (D:2)
  22 orcs
  8 ball pythons
  7 endoplasms
  4 giant cockroaches
  9 goblins
  6 hobgoblins
  7 jackals
  6 kobolds
  8 quokkas
  7 bats
  3 frilled lizards
  4 rats
178 creatures vanquished.

Vanquished Creatures (collateral kills)
  A centaur (D:8)
  A gnoll (D:7)
  An orc (D:5)
  A jackal (D:5)
4 creatures vanquished.

Vanquished Creatures (others)
  A killer bee (D:7)
1 creature vanquished.

Grand Total: 183 creatures vanquished

Notes
Turn   | Place    | Note
-------+----------+-------------------------------------------
     0 | D:1      | SolCadguy the Coglin Artificer began the quest for the Orb.
     0 | D:1      | Reached XP level 1. HP: 15/15 MP: 1/1
   116 | D:1      | Reached skill level 1 in Maces & Flails
   187 | D:1      | Found Pit Jick's Assorted Antiques.
   189 | D:1      | Reached XP level 2. HP: 21/21 MP: 2/2
   423 | D:1      | Reached XP level 3. HP: 26/26 MP: 3/3
  1101 | D:2      | Reached skill level 1 in Axes
  1107 | D:2      | Noticed Jessica
  1115 | D:2      | Killed Jessica
  1116 | D:2      | Reached skill level 2 in Axes
  1116 | D:2      | Reached XP level 4. HP: 10/32 MP: 4/4
  1962 | D:3      | Identified the +3 hat of the Orcish Mines {MP+9 Str+2}
  1996 | D:3      | Found Xolanad's Antique Armour Emporium.
  2182 | D:3      | Reached skill level 3 in Axes
  2193 | D:3      | Reached XP level 5. HP: 37/37 MP: 5/5
  2238 | D:3      | Found a glowing drain.
  2242 | Sewer    | Entered a sewer
  2261 | Sewer    | Reached skill level 4 in Axes
  2338 | Sewer    | Noticed Pargi
  2353 | Sewer    | Killed Pargi
  2354 | Sewer    | Reached skill level 5 in Axes
  2354 | Sewer    | Reached XP level 6. HP: 42/43 MP: 6/6
  2465 | D:3      | Found Xadeop's Weapon Shoppe.
  2642 | D:3      | Found Impeozal's Antique Armour Shoppe.
  2651 | D:3      | Found Aduilav's Antique Weapon Boutique.
  2747 | D:3      | Found Apiac's Armour Shop.
  2763 | D:3      | Bought a +1 pair of boots for 161 gold pieces
  2793 | D:4      | Found a blossoming altar of Fedhas.
  2832 | D:4      | Found a runed translucent door.
  3038 | D:4      | Found Bemeb's Distillery.
  3066 | D:4      | Found a runed translucent door.
  3071 | D:4      | Noticed Posi's ghost (amateur KoHu)
  3123 | D:4      | You fall into a shaft and drop 1 floor!
  3123 | D:5      | Entered Level 5 of the Dungeon
  3151 | D:5      | Identified the ring "Tooppae" {Wiz Dex+3}
  3176 | D:5      | Reached skill level 6 in Axes
  3263 | D:5      | Reached XP level 7. HP: 39/48 MP: 7/7
  3447 | D:5      | Found a shimmering blue altar of Sif Muna.
  3486 | D:5      | Reached skill level 7 in Axes
  3608 | D:5      | Found a shimmering altar of Xom.
  3710 | D:5      | Found a hide-covered altar of Uskayaw.
  3811 | D:5      | Found a staircase to the Ecumenical Temple.
  3813 | D:5      | Found a faded altar of an unknown god.
  4096 | Temple   | Entered the Ecumenical Temple
  4104 | Temple   | Became a worshipper of Nemelex Xobeh the Trickster
  4179 | D:6      | Noticed a cyan ugly thing
  4189 | D:6      | Killed a cyan ugly thing
  4190 | D:6      | Reached skill level 9 in Axes
  4190 | D:6      | Reached XP level 8. HP: 13/54 MP: 8/8
  4618 | D:6      | Reached skill level 10 in Axes
  4696 | D:6      | Reached XP level 9. HP: 33/59 MP: 9/9
  4856 | D:6      | Reached skill level 11 in Axes
  5017 | D:6      | Noticed a troll
  5050 | D:6      | Killed a troll
  5148 | D:6      | Found a radiant altar of Vehumet.
  5187 | D:6      | Reached skill level 5 in Evocations
  5607 | D:4      | Reached * piety under Nemelex Xobeh
  6050 | D:4      | Killed Posi's ghost
  6375 | D:7      | Received a gift from Nemelex Xobeh
  7046 | D:7      | Reached skill level 12 in Axes
  7446 | D:7      | Reached ** piety under Nemelex Xobeh
  7513 | D:7      | Found a stormy altar of Qazlal.
  7675 | D:7      | Received a gift from Nemelex Xobeh
  7732 | D:7      | Reached XP level 10. HP: 40/62 MP: 10/10
  7814 | D:7      | Reached skill level 1 in Invocations
  8300 | D:8      | Noticed Gastronok
  8364 | D:8      | Noticed Joseph
  8384 | D:8      | Killed Joseph
  8743 | D:8      | Identified the +10 rapier of the Hierophant {heavy, rF+
                  | Str+3}
  9098 | D:8      | Killed from afar by Gastronok

Illustrated notes

Levels and vault maps discovered:
D:1:      tekkud_arrival_beachfront_property, layout_basic, serial_shops,
          nicolae_shop_waterfront
D:2:      layout_basic, grunt_ministairs_8, guppyfry_early_lair_pool,
          uniq_jessica
D:3:      layout_basic, gup_sewer_entry_spiral, serial_shops,
          nicolae_shop_statue_plus, shop, nicolae_shop_peninsula,
          nicolae_shop_hallway_plus, shop
D:4:      layout_basic, fedhas_altar_2, ebering_ghost_sewer_f, serial_shops,
          shop
D:5:      layout_cave_pools, nicolae_overflow_hidden_temple, lemuel_tele_altar,
          mainiacjoe_overflow_six_doors_small, nicolae_temple_entry_ecumenical
D:6:      layout_loops_cross, mainiacjoe_overflow_surrounded_room
D:7:      layout_layer_cave, nicolae_qazlal_style_of_elements,
          minmay_fire_ice_demons
D:8:      layout_rooms, hangedman_decor_lopped, st_stairs_7, uniq_gastronok,
          uniq_joseph
D:9:      layout_rooms, nzn_hepliaklqana_mist_gate, zin_purify,
          yredelemnul_forgotten_temple_becter, erik_lair_orcish_takeover,
          enter_bailey_3
Temple:   hellmonk_temple_micro_hex

Skill      XL: |  1  2  3  4  5  6  7  8  9 10 |
---------------+-------------------------------+-----
Maces & Flails | 1 2 |  2.5
Axes           | 2 3 5 6 9 10 12 | 12.5
Evocations     | 8 9 |  9.0
Invocations    | 2 |  2.3
Fighting       | |  1.0
Armour         | |  1.7
Dodging        | |  0.8
Stealth        | |  0.7

Action                     |  1- 3 |  4- 6 |  7- 9 | 10-12 || total
---------------------------+-------+-------+-------+-------++-------
  Melee: Club              |   120 |   114 |       |       ||   234
         Dagger            |    35 |       |       |       ||    35
         Hand axe          |    18 |   131 |   495 |    89 ||   733
         Mace              |       |    12 |    43 |       ||    55
         Rapier            |       |       |       |     2 ||     2
  Throw: Javelin           |       |       |     9 |     1 ||    10
  Evoke: Wand              |     2 |     9 |    15 |     2 ||    28
    Use: Scroll            |       |    10 |     2 |     7 ||    19
         Potion            |       |       |     4 |     3 ||     7
 Armour: Leather armour    |    44 |       |       |       ||    44
         Scale mail        |    21 |   120 |   200 |    51 ||   392
  Dodge: Dodged            |    39 |    76 |    89 |    33 ||   237

Table legend: (Time is in decaauts)
 A = Elapsed time spent in this place.
 B = Non-inter-level travel time spent in this place.
 C = Inter-level travel time spent in this place.
 D = Time resting spent in this place.
 E = Time spent auto-exploring this place.
 F = Levels seen in this place.
 G = Mean time per level.
                   A        B        C        D        E       F      G
               +--------+--------+--------+--------+--------+-----+--------+
         Total |   9119 |   8752 |    367 |   1766 |   4910 |  11 |  829.0 |
       Dungeon |   8936 |   8569 |    367 |   1697 |   4895 |   9 |  992.9 |
        Temple |     13 |     13 |      0 |      0 |      0 |   1 |   13.0 |
         Sewer |    168 |    168 |      0 |     69 |     15 |   1 |  168.0 |
               +--------+--------+--------+--------+--------+-----+--------+

Top non-repeatable levels by time:
     D:7: 1795 daAuts
     D:6: 1375 daAuts
     D:2: 1331 daAuts
     D:5: 1088 daAuts
     D:4: 1015 daAuts
     D:8: 936 daAuts
     D:3: 690 daAuts
     D:1: 665 daAuts
   Sewer: 168 daAuts
     D:9: 38 daAuts
  Temple: 13 daAuts
